 Dungeon Crawl Stone Soup version 0.31-a0-544-gceb718e (webtiles) character file.

Game seed: 16553049873179174380

560 Dorkslayer the Chopper (level 7, -4/44 HPs)
             Began as a Gargoyle Fighter on Aug 15, 2023.
             Slain by a gnoll
             ... wielding a +0 halberd
              (10 damage)
             ... on level 5 of the Dungeon.
             The game lasted 00:07:25 (2913 turns).

Dorkslayer the Chopper (Gargoyle Fighter)           Turns: 2913, Time: 00:07:25

Health: -4/44      AC: 15    Str: 20    XL:     7   Next: 31%
Magic:  7/7        EV:  7    Int:  8    God:
Gold:   176        SH:  8    Dex: 11    Spells: 6/6 levels left

rFire   . . .        a - +0 war axe
rCold   . . .        l - +0 kite shield
rNeg    + . .        o - +0 chain mail
rPois   ∞            (no helmet)
rElec   +            (no cloak)
rCorr   .            (no gloves)
SInv    .            m - +0 pair of boots
Will    .....        g - amulet of faith Stlth
                     (no ring)
HPRegen 0.27/turn    (no ring)
MPRegen 0.10/turn

%: faith
@: no status effects
A: sickness immunity, AC +4, negative energy resistance 1, electricity
resistance, torment resistance 1, petrification resistance
a: no special abilities


You were on level 5 of the Dungeon.
You visited 1 branch of the dungeon, and saw 5 of its levels.

You collected 176 gold pieces.

Inventory:

Hand Weapons
 a - a +0 war axe (weapon)
Armour
 l - a +0 kite shield (worn)
 m - a +0 pair of boots (worn)
 o - a +0 chain mail (worn)
Jewellery
 g - an amulet of faith (around neck)
Scrolls
 e - a scroll of teleportation
 i - a scroll of amnesia
 k - a scroll of fear
Potions
 b - 2 potions of heal wounds {unknown}
 c - a potion of magic
 d - a potion of invisibility {unknown}
 f - 4 potions of attraction
 h - a potion of resistance
 j - 3 potions of curing {unknown}
 n - a potion of lignification {unknown}
 p - a potion of ambrosia {unknown}
 q - a potion of brilliance {unknown}


   Skills:
 + Level 4.4 Fighting
 + Level 4.8 Axes
 + Level 4.5 Armour
 * Level 2.4 Dodging
 + Level 4.1 Shields


You had 6 spell levels left.
You didn't know any spells.
Your spell library contained the following spells:

 Spells                   Type           Power      Damage    Failure   Level
 Ozocubu's Armour         Ice            0%         N/A       100%        3
 Ozocubu's Refrigeration  Ice            0%         4d7       100%        7


Dungeon Overview and Level Annotations

Branches:
Dungeon (5/15)
 Temple: D:4-7

Altars:


Innate Abilities, Weirdness & Mutations

You are immune to sickness and miasma.
Your stone body is resilient. (AC +4)
You are immune to poison.
You resist negative energy. (rN+)
You are resistant to electric shocks. (rElec)
You are resistant to unholy torment.
You are immune to petrification.


Message History

You hit the kobold but do no damage. The kobold hits you but does no damage.
You block the kobold's attack.
You closely miss the kobold. You block the kobold's attack.
You hit the kobold.
You kill the kobold!
Things that are here:
a +0 club; 2 stones You open the door.
There is an open door here.
b - 2 silvery potions (gained 1) Done exploring.
There is a stone staircase leading down here.
You climb downwards.
There is a stone staircase leading up here.
Okay, then.
Okay, then.
A gnoll comes into view. It is wielding a +0 halberd.
You block the gnoll's attack. The gnoll hits you but does no damage.
You block the gnoll's attack.
You closely miss the gnoll. You hit the gnoll but do no damage.
The gnoll hits you but does no damage. x2
You barely miss the gnoll. You hit the gnoll.
The gnoll hits you with a +0 halberd. The gnoll hits you with a +0 halberd!
You hit the gnoll but do no damage. You hit the gnoll.
The gnoll barely misses you. x2; You block the gnoll's attack.
The gnoll closely misses you.
You barely miss the gnoll. You hit the gnoll. The gnoll completely misses you.
The gnoll hits you with a +0 halberd!
You closely miss the gnoll. You barely miss the gnoll.
The gnoll hits you with a +0 halberd. You block the gnoll's attack.
The gnoll barely misses you. x2
You barely miss the gnoll. x2; The gnoll hits you but does no damage.
You block the gnoll's attack.
You slash the gnoll!
The gnoll is severely wounded.
You barely miss the gnoll. The gnoll hits you but does no damage.
The gnoll hits you with a +0 halberd!
* * * LOW HITPOINT WARNING * * *
You block the gnoll's attack. The gnoll hits you with a +0 halberd!
You die...

......
......
#......
.......
#####.......
#...#....#
#.#.#....#.#
#..g@g......
########....
.


You could see 2 gnolls.

Vanquished Creatures
  Edmund (D:4)
  An ogre (D:3)
  2 scorpions (D:4)
  A hound (D:4)
  A sleepcap (D:4)
  10 adders
  4 worms
  2 dart slugs (D:4)
  An orc (D:3)
  7 bats
  9 endoplasms
  2 giant cockroaches
  10 goblins
  4 hobgoblins
  5 jackals
  6 kobolds
  2 quokkas (D:2)
  4 ball pythons
  3 frilled lizards
  6 rats
81 creatures vanquished.

Notes
Turn   | Place    | Note
-------+----------+-------------------------------------------
     0 | D:1      | Dorkslayer the Gargoyle Fighter began the quest for the
                  | Orb.
     0 | D:1      | Reached XP level 1. HP: 14/14 MP: 1/1
   151 | D:1      | Reached XP level 2. HP: 19/19 MP: 2/2
   406 | D:1      | Reached XP level 3. HP: 16/23 MP: 3/3
   408 | D:1      | Found a faded altar of an unknown god.
   681 | D:2      | Reached XP level 4. HP: 26/29 MP: 4/4
   842 | D:2      | Reached skill level 1 in Dodging
   994 | D:2      | Reached XP level 5. HP: 33/33 MP: 5/5
  1324 | D:3      | Noticed an ogre
  1330 | D:3      | Killed an ogre
  1501 | D:3      | Reached XP level 6. HP: 38/38 MP: 6/6
  2238 | D:4      | Noticed Edmund
  2251 | D:4      | Killed Edmund
  2252 | D:4      | Reached XP level 7. HP: 13/44 MP: 7/7
  2898 | D:5      | Entered Level 5 of the Dungeon
  2913 | D:5      | Slain by a gnoll

Illustrated notes

Levels and vault maps discovered:
D:1:      dpeg_arrival_short_road, layout_basic,
          hellmonk_ecumenical_altar_zigzags
D:2:      layout_basic, hex_intersection
D:3:      layout_basic, serial_glass, glass_columns_a, glass_columns_b,
          item_on_display_a, due_unseen_surprise, nrook_loot_triangle
D:4:      layout_basic, uniq_edmund
D:5:      layout_basic, minmay_temple_entry_tees, minmay_misc_feat_rows,
          st_stairs_13, kennysheep_small_square

Skill      XL: |  1  2  3  4  5  6 |
---------------+-------------------+-----
Axes           | 2 3 4 |  4.8
Dodging        | 1 2 |  2.4
Fighting       | 4 |  4.4
Armour         | 4 |  4.5
Shields        | 4 |  4.1

Action                     |  1- 3 |  4- 6 |  7- 9 || total
---------------------------+-------+-------+-------++-------
  Melee: War axe           |    83 |   109 |    41 ||   233
    Use: Scroll            |       |     9 |       ||     9
         Potion            |       |     1 |       ||     1
 Armour: Scale mail        |    46 |    53 |       ||    99
         Chain mail        |       |       |    29 ||    29
  Dodge: Dodged            |    47 |    34 |    11 ||    92
  Block: Buckler           |    13 |       |       ||    13
         Kite shield       |       |    38 |    20 ||    58

Table legend: (Time is in decaauts)
 A = Elapsed time spent in this place.
 B = Non-inter-level travel time spent in this place.
 C = Inter-level travel time spent in this place.
 D = Time resting spent in this place.
 E = Time spent auto-exploring this place.
 F = Levels seen in this place.
 G = Mean time per level.
                   A        B        C        D        E       F      G
               +--------+--------+--------+--------+--------+-----+--------+
         Total |   3013 |   3013 |      0 |     12 |   1432 |   5 |  602.6 |
       Dungeon |   3013 |   3013 |      0 |     12 |   1432 |   5 |  602.6 |
               +--------+--------+--------+--------+--------+-----+--------+

Top non-repeatable levels by time:
     D:4: 968 daAuts
     D:2: 786 daAuts
     D:3: 686 daAuts
     D:1: 554 daAuts
     D:5: 17 daAuts
